 Dungeon Crawl Stone Soup version 0.26-a0-366-gd6aadd2 (webtiles) character file.

Game seed: 10667255012826745269

334 Moshi the Poker (level 6, 47/47 HPs)
             Began as a Merfolk Gladiator on July 19, 2020.
             Quit the game on level 2 of the Dungeon.
             The game lasted 00:14:16 (3810 turns).

Moshi the Poker (Merfolk Gladiator)                 Turns: 3810, Time: 00:14:17

Health: 47/47      AC: 11    Str: 16    XL:     6   Next: 53%
Magic:  6/6        EV:  9    Int:  7    God:
Gold:   83         SH:  0    Dex: 16    Spells: 5/5 levels left

rFire    . . .     SeeInvis .   o - +1 glaive (vorpal)
rCold    . . .     Faith    .   (shield currently unavailable)
rNeg     . . .     Spirit   .   d - +1 chain mail
rPois    +         Reflect  .   c - +0 helmet
rElec    .         Harm     .   (no cloak)
rCorr    .                      k - +0 pair of gloves
MR       .....                  (no boots)
Stlth    ..........             (no amulet)
HPRegen  0.15/turn              (no ring)
MPRegen  0.10/turn              l - ring of poison resistance

@: no status effects
A: change form in water, swift swim, stealthy swim
a: no special abilities


You were on level 2 of the Dungeon.
You visited 1 branch of the dungeon, and saw 2 of its levels.

You collected 83 gold pieces.

Inventory:

Hand Weapons
 a - a +0 trident
 o - a +1 vorpal glaive (weapon)
Armour
 b - a +0 leather armour
 c - a +0 helmet (worn)
 d - a +1 chain mail (worn)
 e - a +0 buckler
 k - a +0 pair of gloves (worn)
Jewellery
 l - a ring of poison resistance (right hand)
Scrolls
 f - a scroll of enchant armour
 g - a scroll of amnesia
 h - 3 scrolls of identify {unknown}
 p - a scroll of fog {unknown}
Potions
 i - a potion of curing {unknown}
 j - a potion of mutation {unknown}
 m - a potion of heal wounds {unknown}
 n - a potion of flight {unknown}
 q - a potion of brilliance {unknown}


   Skills:
 + Level 3.3 Fighting
 + Level 7.1 Polearms
 + Level 2.3 Throwing
 + Level 2.0 Armour
 + Level 5.0 Dodging
 + Level 0.5 Stealth
 + Level 0.8 Shields
 + Level 1.0 Unarmed Combat


You had 5 spell levels left.
You didn't know any spells.
Your spell library was empty.

Dungeon Overview and Level Annotations

Branches:
Dungeon (2/15)

Altars:
Nemelex Xobeh


Message History

You slash Crazy Yiuf!
You kill Crazy Yiuf!
Your Dodging skill increases to level 5!
Your Unarmed Combat skill increases to level 1!
There is an open translucent door, spattered with blood here.
Things that are here:
a +2 quarterstaff of chaos; a +0 cloak of stealth the gnoll corpse of Crazy Yiuf
There is an open translucent door, spattered with blood here.
Things that are here:
a +2 quarterstaff of chaos; a +0 cloak of stealth the gnoll corpse of Crazy Yiuf You see here a mace.
Done exploring.
Done exploring.
Done exploring.
Done exploring.
Done exploring.
Unknown command.
Are you sure you want to abandon this character and quit the game? (Confirm with "yes".)

####♣♣ #####
##..#.♣♣ ♣♣#.@)#
#######
###......♣♣♣♣.)...#
#.....#
..........♣..♣#...#
#####.#
#####.#..♣.♣♣♣#####
#####.######
###♣♣♣♣♣
#........<.#
#.###.####.# ###
### #>###.## #.#
#.# #.# #.##...#
#.# #.# #.#
#.##...# #.#


There were no monsters in sight!

Vanquished Creatures
  Sigmund (D:2)
  Crazy Yiuf (D:2)
  Natasha (thrice) (D:2)
  An adder (D:2)
  A worm (D:2)
  5 leopard geckos
  5 bats (D:1)
  4 giant cockroaches
  7 goblins
  9 hobgoblins
  5 jackals (D:1)
  7 kobolds
  A quokka (D:2)
  3 frilled lizards
  6 rats
  3 bushes (D:2)
  2 plants (D:2)
64 creatures vanquished.

Notes
Turn   | Place    | Note
-------+----------+-------------------------------------------
     0 | D:1      | Moshi the Merfolk Gladiator began the quest for the Orb.
     0 | D:1      | Reached XP level 1. HP: 16/16 MP: 1/1
   137 | D:1      | Reached XP level 2. HP: 22/22 MP: 2/2
   301 | D:1      | Reached skill level 5 in Polearms
   311 | D:1      | Reached XP level 3. HP: 25/28 MP: 3/3
  1408 | D:2      | Noticed Natasha
  1425 | D:2      | Killed Natasha
  1425 | D:2      | Reached XP level 4. HP: 24/34 MP: 4/4
  1427 | D:2      | Noticed Natasha
  1455 | D:2      | Killed Natasha
  1455 | D:2      | Reached skill level 6 in Polearms
  1762 | D:2      | Reached skill level 1 in Armour
  2104 | D:2      | Reached XP level 5. HP: 34/39 MP: 5/5
  2245 | D:2      | Found a sparkling altar of Nemelex Xobeh.
  2276 | D:2      | Noticed Natasha
  2323 | D:2      | Killed Natasha
  3024 | D:2      | Found a faded altar of an unknown god.
  3065 | D:2      | Noticed Sigmund
  3077 | D:2      | Killed Sigmund
  3077 | D:2      | Reached skill level 7 in Polearms
  3077 | D:2      | Reached XP level 6. HP: 25/47 MP: 6/6
  3389 | D:2      | Found a runed translucent door.
  3390 | D:2      | Noticed Crazy Yiuf
  3801 | D:2      | Killed Crazy Yiuf
  3801 | D:2      | Reached skill level 5 in Dodging
  3801 | D:2      | Reached skill level 1 in Unarmed Combat
  3810 | D:2      | Quit the game

Illustrated notes

Levels and vault maps discovered:
D:1:      noname_arrival_rooms_in_the_neighbourhood, layout_basic,
          minmay_misc_feat_more_columns, wad_floor_pattern_2, minivault_14,
          minmay_misc_feat_columns, grunt_decor_arrowhead, minmay_bisected
D:2:      layout_loops_ring, serial_forest, infiniplex_forest_lined_2,
          infiniplex_forest_clump_large, infiniplex_forest_lined_3,
          infiniplex_forest_end_3, infiniplex_forest_clump_tiny,
          chequers_ecumenical_altar_simple, nemelex_lonely_heart_becter,
          uniq_sigmund, uniq_crazy_yiuf_cottage, uniq_natasha

Skill      XL: |  1  2  3  4  5  6 |
---------------+-------------------+-----
Polearms       | 5 6 7 |  7.1
Armour         | 1 2 |  2.0
Fighting       | 3 |  3.3
Dodging        | 5 |  5.0
Unarmed Combat | 1 |  1.0
Throwing       | |  2.3
Stealth        | |  0.5
Shields        | |  0.8

Action                   |  1- 3 |  4- 6 || total
-------------------------+-------+-------++-------
Melee: Trident           |   118 |   326 ||   444
       Unarmed           |       |    33 ||    33
       Glaive            |       |    28 ||    28
Throw: Throwing net      |     8 |       ||     8
  Use: Scroll            |     3 |     1 ||     4
 Stab: Sleeping          |     1 |       ||     1
Armor: Leather armour    |    20 |       ||    20
       Chain mail        |    22 |    43 ||    65
Dodge: Dodged            |    68 |    63 ||   131
Block: Buckler           |    23 |     6 ||    29

Table legend: (Time is in decaauts)
 A = Elapsed time spent in this place.
 B = Non-inter-level travel time spent in this place.
 C = Inter-level travel time spent in this place.
 D = Time resting spent in this place.
 E = Time spent auto-exploring this place.
 F = Levels seen in this place.
 G = Mean time per level.
                   A        B        C        D        E       F      G
               +--------+--------+--------+--------+--------+-----+--------+
         Total |   3833 |   3793 |     40 |   1072 |   1371 |   2 | 1916.5 |
       Dungeon |   3833 |   3793 |     40 |   1072 |   1371 |   2 | 1916.5 |
               +--------+--------+--------+--------+--------+-----+--------+
